Map: Catalyst LE

Players

carnalin

  • Race: Terran Terran
  • League: Platinum
  • Spawn Location: 11:00

Fading - Winner!

  • Race: Zerg Zerg
  • League: Platinum
  • Spawn Location: 5:00

VOD

Have the link to the VOD?

Description

Time

  • Played on: May 10, 2018, 7:08 p.m.
  • Length: 7:16
Show
View Real Time Build Order
Export as new Build Order

carnalin Terran 

Build Orders:  

Get SALT Encoding   

  12  0:09  Supply Depot  
  12  0:26  Refinery  
  12  0:38  Barracks  
  12  0:55  Barracks  
  12  0:58  SCV  
  13  1:10  SCV  
  14  1:23  SCV  
  15  1:25  Barracks Tech Lab  
  15  1:29  Marine  
  16  1:34  Bunker  
  16  1:43  Marine  
  17  1:49  Marine  
  18  1:57  Factory  
  18  2:02  Marine  
  18  2:07  Marine  
  20  2:21  Bunker  
  20  2:26  Marine  
  20  2:27  Marine  
  22  2:34  SCV  
  23  2:42  Factory Tech Lab  
  23  2:58  Supply Depot  
  23  3:00  Bunker  
  23  3:19  Marine  
  28  3:20  Siege Tank, SCV  
  28  3:22  Marine  
  29  3:34  SCV  
  29  3:37  Marine  
  31  3:59  Bunker  
  31  4:06  SCV  
  31  4:16  Bunker  
  31  4:42  Supply Depot  
  31  4:50  Marine  
  31  4:52  Marine  
  31  4:54  SCV  
  31  4:59  Siege Tank  
  31  5:05  Supply Depot  
  31  5:06  SCV  
  31  5:08  Marine  
  31  5:09  Marine  
  33  5:18  SCV  
  32  5:26  Marine  
Show
View Real Time Build Order
Export as new Build Order

Fading Zerg - Winner!

Build Orders: Hatch First 

Get SALT Encoding   

  12  0:01  Drone  
  13  0:12  Overlord  
  13  0:19  Drone  
  14  0:33  Drone x2  
  14  0:35  Drone  
  17  0:55  Hatchery  
  17  0:56  Drone  
  17  0:59  Drone  
  18  1:12  Extractor  
  18  1:16  Spawning Pool  
  16  1:18  Drone  
  17  1:37  Drone x2  
  20  1:52  Overlord  
  20  2:07  Queen  
  20  2:08  Spine Crawler  
  21  2:12  Zergling x6  
  21  2:13  Hatchery  
  21  2:15  Metabolic Boost  
  23  2:31  Drone  
  24  2:37  Roach Warren  
  22  2:54  Spine Crawler  
  22  2:56  Drone x3  
  24  3:09  Queen  
  26  3:14  Extractor  
  25  3:21  Roach x2  
  25  3:24  Overlord  
  29  3:33  Queen  
  31  3:39  Drone x2  
  33  3:44  Roach  
  35  3:49  Roach  
  35  3:54  Roach  
  39  4:01  Roach  
  40  4:16  Roach x2  
  43  4:17  Overlord  
  43  4:27  Drone  
  42  5:02  Ravager  
  42  5:03  Ravager  
  41  5:08  Roach x3  
  44  5:24  Roach  
  44  5:25  Roach x3  
  44  5:28  Overlord x2  
  52  5:39  Roach  
  52  5:45  Lair  
  52  5:56  Roach x3  
  52  5:57  Roach x5  
  64  6:03  Overlord  
  62  6:26  Roach x4  
  62  6:27  Roach  
  62  6:31  Ravager  
Tags
 
Add a new tag
Caveats
  • Supply blocks, unpowered buildings, or Contaminate may cause inaccurate times.
  • Supply counts are checked every 10 seconds.